 Dungeon Crawl Stone Soup version 0.19.1 (console) character file.

114 Jesseh the Chiller (level 4, -3/30 HPs)
             Began as a Merfolk Ice Elementalist on Nov 23, 2016.
             Slain by a bullfrog skeleton (6 damage)
             ... on level 4 of the Dungeon.
             The game lasted 00:09:10 (2739 turns).

Jesseh the Chiller (Merfolk Ice Elementalist)       Turns: 2739, Time: 00:09:10

Health: -3/30      AC:  6    Str:  8    XL:     4   Next: 97%
Magic:  2/8        EV: 13    Int: 14    God:
Gold:   49         SH:  0    Dex: 15    Spells: 3 memorised, 1 level left

rFire  . . .     SeeInvis .     j - -3 short sword (curse)
rCold  . . .     Gourm    .     p - +2 robe {Archmagi}
rNeg   . . .     Faith    .     (no shield)
rPois  .         Spirit   .     (no helmet)
rElec  .         Reflect  .     (no cloak)
rCorr  .         Harm     .     (no gloves)
MR     .....                    (no boots)
Stlth  ++........               (no amulet)
                                (no ring)
                                l - +2 ring of protection

@: no status effects
A: change form in water, swift swim, stealthy swim
a: no special abilities


You were on level 4 of the Dungeon.
You were not hungry.

You visited 1 branch of the dungeon, and saw 3 of its levels.

You collected 49 gold pieces.

Inventory:

Hand Weapons
 g - a +0 club
   (You took it off a hobgoblin on level 1 of the Dungeon)
 j - a cursed -3 short sword (weapon)
   (You found it on level 1 of the Dungeon)
Armour
 a - a +0 robe
 p - a +2 robe of the Archmagi (worn)
   (You took it off Jessica on level 2 of the Dungeon)
Jewellery
 l - a +2 ring of protection (left hand)
   (You found it on level 1 of the Dungeon)
Scrolls
 f - a scroll of remove curse {unknown}
 h - 2 scrolls of teleportation {unknown}
 i - a scroll of enchant weapon {unknown}
 m - a scroll of identify {unknown}
 s - a scroll of blinking {unknown}
 w - a scroll of random uselessness {unknown}
Potions
 d - a potion of might {unknown}
 e - a potion of beneficial mutation {unknown}
 k - 2 potions of ambrosia {unknown}
 n - 2 potions of brilliance {unknown}
 q - a potion of magic {unknown}
 r - 2 potions of heal wounds {unknown}
 t - a potion of flight {unknown}
Books
 b - a book of Frost
Comestibles
 o - 2 meat rations
 u - a slice of pizza
 v - 3 bread rations


   Skills:
 - Level 2.6 Dodging
 - Level 2.1 Stealth
 - Level 3.1 Spellcasting
   Level 0.7 Conjurations
 + Level 2.0 Charms
 * Level 1.9 Summonings
 - Level 4.0 Ice Magic


You had one spell level left.
You knew the following spells:

 Your Spells              Type           Power        Failure   Level  Hunger
a - Freeze                Ice            ###.         4%          1    #......
b - Ozocubu's Armour      Chrm/Ice       ###.....     21%         3    ###....
c - Summon Ice Beast      Ice/Summ       ###.....     71%         4    #####..


Dungeon Overview and Level Annotations

Branches:
Dungeon (2/15)

Altars:


Message History

You feel a surge of power!
You freeze the giant cockroach.
You kill the giant cockroach!
u - a slice of pizza You now have 49 gold pieces (gained 14).
You open the door.
Some of the chunks of flesh in your inventory have rotted away.
There is an open door here.
v - a bread ration You open the door.
There is an open door here.
You open the door.
There is an open door here.
You open the door.
There is an open door here.
v - 2 bread rations (gained 1)
There is an open door here.
You see here a robe.
w - a scroll labeled GYRESE GECKOIXO A robe.
The floor.
An ogre comes into view. It is wielding a giant spiked club.
You open the door.
A bullfrog skeleton comes into view.
There is an open door here.
Okay, then.
You see here a bread ration.
v - 3 bread rations (gained 1)
Found a stone staircase leading up.
The bullfrog skeleton misses you.
Aim: a bullfrog skeleton You feel a surge of power!
You freeze the bullfrog skeleton.
The bullfrog skeleton completely resists.
The bullfrog skeleton hits you.
Aim: a bullfrog skeleton You feel a surge of power!
You freeze the bullfrog skeleton.
The bullfrog skeleton completely resists.
The bullfrog skeleton misses you.
Aim: a bullfrog skeleton You feel a surge of power!
You freeze the bullfrog skeleton.
The bullfrog skeleton completely resists.
The bullfrog skeleton hits you.
Aim: a bullfrog skeleton You feel a surge of power!
You freeze the bullfrog skeleton.
The bullfrog skeleton resists.
The bullfrog skeleton barely misses you.
Aim: a bullfrog skeleton (lightly damaged)
You feel a surge of power!
You freeze the bullfrog skeleton.
The bullfrog skeleton completely resists.
The bullfrog skeleton barely misses you.
The bullfrog skeleton hits you.
Aim: a bullfrog skeleton (lightly damaged)
You feel a surge of power!
You freeze the bullfrog skeleton.
The bullfrog skeleton resists.
The bullfrog skeleton hits you.
Aim: a bullfrog skeleton (lightly damaged)
You feel a surge of power!
You freeze the bullfrog skeleton.
The bullfrog skeleton completely resists.
The bullfrog skeleton closely misses you.
Aim: a bullfrog skeleton (lightly damaged)
You feel a surge of power!
You freeze the bullfrog skeleton.
The bullfrog skeleton resists.
The bullfrog skeleton barely misses you.
The bullfrog skeleton hits you.
* * * LOW HITPOINT WARNING * * *
The bullfrog skeleton hits you!
* * * LOW HITPOINT WARNING * * *
The bullfrog skeleton hits you but does no damage.
You open the door.
The bullfrog skeleton hits you but does no damage.
The bullfrog skeleton closely misses you.
There is an open door here.
The bullfrog skeleton hits you but does no damage.
The bullfrog skeleton barely misses you.
You see here a scroll labeled XOUNYT WAYQ.
You open the door. The bullfrog skeleton hits you.
* * * LOW HITPOINT WARNING * * *
The bullfrog skeleton misses you.
There is an open door here.
The bullfrog skeleton misses you.
Aim: a bullfrog skeleton (lightly damaged)
You feel a surge of power!
You freeze the bullfrog skeleton.
The bullfrog skeleton resists.
The bullfrog skeleton hits you.
* * * LOW HITPOINT WARNING * * *
Aim: a bullfrog skeleton (lightly damaged)
You feel a surge of power!
You freeze the bullfrog skeleton.
The bullfrog skeleton resists.
The bullfrog skeleton barely misses you. x2
Aim: a bullfrog skeleton (lightly damaged)
You feel a surge of power!
You freeze the bullfrog skeleton.
The bullfrog skeleton completely resists.
The bullfrog skeleton barely misses you.
Here: a bullfrog skeleton (lightly damaged)
The floor.
The bullfrog skeleton hits you but does no damage.
The bullfrog skeleton barely misses you.
The bullfrog skeleton barely misses you.
All of the chunks of flesh in your inventory have rotted away.
The bullfrog skeleton misses you.
The bullfrog skeleton barely misses you.
The bullfrog skeleton hits you.
You die...

▒▒▒▒ ▒▒..▒▒ ▒....▒
▒....▒ ▒...m▒
▒...Z▒ ▒▒▒▒▒▒..▒▒
▒.......▒▒
▒....(...▒
▒▒▒▒▒........▒
▒▒+▒▒..▒▒........▒
▒.......<........▒
▒................▒


You could see a bullfrog skeleton.

Vanquished Creatures
  Jessica (D:2)
  Natasha (D:2)
  Terence (D:2)
  A leopard gecko (D:2)
  A ball python (D:1)
  3 bats
  A giant cockroach (D:4)
  3 goblins (D:1)
  4 hobgoblins
  8 jackals (D:2)
  4 kobolds
  4 frilled lizards
  2 rats (D:1)
34 creatures vanquished.

Notes
Turn   | Place    | Note
-------+----------+-------------------------------------------
     0 | D:1      | Jesseh the Merfolk Ice Elementalist began the quest for the Orb.
     0 | D:1      | Reached XP level 1. HP: 13/13 MP: 3/3
   364 | D:1      | HP: 2/13 [hobgoblin (2)]
   775 | D:1      | HP: 3/13 [goblin (3)]
   781 | D:1      | HP: 2/13 [bat (1)]
  1053 | D:1      | Reached XP level 2. HP: 14/19 MP: 1/5
  2035 | D:2      | Reached XP level 3. HP: 23/24 MP: 1/7
  2046 | D:2      | Reached skill level 4 in Ice Magic
  2051 | D:2      | Learned a level 3 spell: Ozocubu's Armour
  2121 | D:2      | Noticed Jessica
  2125 | D:2      | Killed Jessica
  2125 | D:2      | Reached skill level 3 in Spellcasting
  2125 | D:2      | Reached skill level 1 in Charms
  2227 | D:2      | Reached XP level 4. HP: 30/30 MP: 3/8
  2236 | D:2      | Learned a level 4 spell: Summon Ice Beast
  2416 | D:2      | Noticed Natasha
  2421 | D:2      | Killed Natasha
  2421 | D:2      | Reached skill level 1 in Summonings
  2474 | D:2      | Noticed Terence
  2482 | D:2      | Killed Terence
  2482 | D:2      | Reached skill level 2 in Charms
  2569 | D:2      | You fall through a shaft for 2 floors!
  2668 | D:4      | Noticed an ogre
  2697 | D:4      | HP: 5/30 [bullfrog skeleton (7)]
  2712 | D:4      | HP: 1/30 [bullfrog skeleton (5)]
  2739 | D:4      | Slain by a bullfrog skeleton

Skill      XL: |  1  2  3  4 |
---------------+-------------+-----
Ice Magic      | 4 |  4.0
Spellcasting   | 3 |  3.1
Charms         | 1 2 |  2.0
Summonings     | 1 |  1.9
Dodging        | |  2.6
Stealth        | |  2.1
Conjurations   | |  0.7

Action                   |  1- 3 |  4- 6 || total
-------------------------+-------+-------++-------
Melee: Unarmed           |    13 |       ||    13
       Club              |    12 |       ||    12
       Short sword       |    27 |       ||    27
 Cast: Freeze            |    33 |    25 ||    58
 Stab: Sleeping          |     1 |       ||     1
  Eat: Chunk             |     2 |       ||     2
       Bread ration      |     1 |       ||     1
Armor: Robe              |    33 |     7 ||    40
Dodge: Dodged            |    85 |    21 ||   106

Vault maps used:
D:1:      evilmike_arrival_rings
D:2:      uniq_jessica, uniq_natasha, uniq_terence
D:4:      serial_glass, glass_columns_b, glass_columns_a, first_bread,
          uniq_crazy_yiuf_cottage, uniq_pikel

Table legend:
 A = Turns spent in this place as a percentage of turns spent in the entire game.
 B = Non-inter-level travel turns spent in this place as a percentage of non-inter-level travel turns spent in the entire game.
 C = Inter-level travel turns spent in this place as a percentage of turns spent in this place.
 D = Turns resting spent in this place as a percentage of non-inter-level travel turns spent in this place.
 E = Turns spent auto-exploring this place as a percentage of non-inter-level travel turns spent in this place.
 F = Non-inter-level travel turns spent in this place divided by the number of levels of this place that you've seen.
                   A       B       C       D       E      F
               +-------+-------+-------+-------+-------+----------------------
         Total | 100.0 | 100.0 |   0.4 |   1.3 |   9.2 | 149.3
       Dungeon | 100.0 | 100.0 |   0.4 |   1.3 |   9.2 | 149.3
               +-------+-------+-------+-------+-------+----------------------

Table legend:
 A = Kills in this place as a percentage of kills in entire the game.
 B = Kills by you in this place as a percentage of kills by you in the entire game.
 C = Kills by friends in this place as a percentage of kills by friends in the entire game.
 D = Other kills in this place as a percentage of other kills in the entire game.
 E = Experience gained in this place as a percentage of experience gained in the entire game.
 F = Experience gained in this place divided by the number of levels of this place that you have seen.
                   A       B       C       D       E      F
               +-------+-------+-------+-------+-------+----------------------
         Total | 100.0 | 100.0 |  -nan |  -nan | 100.0 |  54.3
       Dungeon | 100.0 | 100.0 |  -nan |  -nan | 100.0 |  54.3
               +-------+-------+-------+-------+-------+----------------------
